 Dungeon Crawl Stone Soup version 0.15-a0-1472-ge546950 (webtiles) character file.

630427 Mindmaker the Impregnable (level 27, -6/262 HPs)
             Began as a Demonspawn Chaos Knight on June 12, 2014.
             Was a Favourite Plaything of Xom.
             Mangled by an electric golem (15 damage)
             ... on Level 3 of the Realm of Zot on June 13, 2014.
             The game lasted 08:00:14 (74315 turns).

Mindmaker the Impregnable (DsCK)                   Turns: 74315, Time: 08:00:15

HP  -6/262       AC 31     Str 17      XL: 27
MP  23/23        EV 30     Int 13 (14) God: Xom
Gold 4869        SH 16     Dex 26      Spells:  0 memorised, 26 levels left

rFire  + + +     SeeInvis +     M - +10,+7 demon blade "Dejomu" {elec, MR++ Stlth+}
rCold  + . .     Clarity  .     d - +3 fire dragon armour
rNeg   . . .     rCorr    .     N - +1 shield {rC+}
rPois  +         rRot     +     (helmet unavailable)
rElec  .         Spirit   .     Q - +2 cloak {rPois}
SustAb .         Warding  .     m - +0 pair of gloves {Str+3}
rMut   +         Stasis   .     V - +0 pair of boots
Gourm  .                        q - amulet of resist mutation
MR     ++++.                    P - ring of protection from cold
                                G - ring of Vitality {HP+15 Regen}

@: studying Fighting, incredibly resistant to hostile enchantments, very
unstealthy
A: fangs 1, hooves 1, horns 3, rugged brown scales 3, see invisible, agile 1,
demonic guardian 3, fire resistance 2, foul stench 2, augmentation 3, rot
immunity, contemplative 3
a: Renounce Religion
}: 3/15 runes: decaying, silver, gossamer


You were on level 3 of the Realm of Zot.
You worshipped Xom.
You were a very special plaything of Xom.
You were very hungry.

You visited 10 branches of the dungeon, and saw 55 of its levels.
You visited the Abyss 1 time.
You visited 1 bazaar.
You also visited: Labyrinth, Ice Cave and Wizlab.

You collected 8991 gold pieces.
You spent 4122 gold pieces at shops.

Inventory:

Hand weapons
 p - a +0,+1 mace
 K - a +3,+2 flail
 M - the +10,+7 demon blade "Dejomu" (weapon) {elec, MR++ Stlth+}
   (You found it in an ice cave)

   Occasionally, upon striking a foe, it will discharge some electrical energy
   and cause terrible harm.
   It affects your resistance to hostile enchantments.
   It makes you more stealthy.
Armour
 d - a +3 fire dragon armour (worn)
 m - a +0 pair of gloves of strength (worn)
 N - a +1 shield of cold resistance (worn)
 Q - a +2 cloak of poison resistance (worn)
 V - a +0 pair of boots (worn)
Magical devices
 b - a wand of teleportation (5)
 v - a wand of digging (19)
 D - a wand of disintegration (8)
Comestibles
 c - 30 bread rations
 w - 5 rotting chunks of green draconian flesh
 O - 13 royal jellies
Scrolls
 a - 5 scrolls of immolation
 n - 8 scrolls of fear
 r - 36 scrolls of identify
 s - 3 scrolls of silence
 t - 24 scrolls of teleportation
 A - 11 scrolls of vulnerability
 E - 25 scrolls of remove curse
 T - 9 scrolls of fog
 W - 2 scrolls of summoning
 Y - 2 scrolls of blinking
 Z - 6 scrolls of magic mapping
Jewellery
 e - an uncursed ring of positive energy
 f - an uncursed ring of poison resistance
 k - an uncursed ring of positive energy
 l - an uncursed amulet of faith
 q - an amulet of resist mutation (around neck)
 u - an uncursed amulet of resist corrosion
 y - an uncursed ring of protection from fire
 z - an uncursed ring of sustain abilities
 B - an uncursed ring of protection from cold
 G - the ring of Vitality (left hand) {HP+15 Regen}
   (You bought it in a shop on level 2 of the Elven Halls)

   [ring of regeneration]

   It affects your health (+15).
   It increases your rate of regeneration.
 H - an uncursed ring of sustain abilities
 I - an uncursed ring of flight
 P - a ring of protection from cold (right hand)
 S - the amulet of the Shining One's Hope {Clar rElec MR++ Str+1}
   (You bought it in a shop on level 2 of the Elven Halls)

   [amulet of clarity]

   It provides mental clarity.
   It affects your strength (+1).
   It insulates you from electricity.
   It affects your resistance to hostile enchantments.
 U - an uncursed amulet of stasis
Potions
 g - 36 potions of curing
 i - 5 potions of haste
 j - 2 potions of agility
 o - a potion of berserk rage
 x - 15 potions of heal wounds
 C - 3 potions of might
 F - 3 potions of resistance
 R - 3 potions of porridge
Books
 J - a manual of Fighting


   Skills:
 - Level 22.0 Fighting
 - Level 14.3 Long Blades
 + Level 25.6 Armour
 - Level 20.0 Dodging
 - Level 15.0 Shields


You had 26 spell levels left.
You didn't know any spells.

Dungeon Overview and Level Annotations

Branches:
Dungeon (15/15)            Temple (1/1) D:7             Orc (4/4) D:12
    Elf (3/3) Orc:4          Lair (8/8) D:10          Swamp (5/5) Lair:4
 Spider (5/5)               Slime (0/6) Lair:6       Vaults (5/5) D:14
  Crypt (0/3) Vaults:3        Zot (4/5) Depths:5     Depths (5/5) D:15

Altars:
Ashenzari
Cheibriados
Dithmenos
Elyvilon
Fedhas
Gozag
Kikubaaqudgha
Makhleb
Nemelex Xobeh
Okawaru
Qazlal
Sif Muna
Trog
Vehumet
Xom
Yredelemnul
Zin
The Shining One
Beogh
Jiyva
Lugonu

Shops:
D:11 [(   D:12 *   D:14 *   Orc:4 [%:=   Elf:2 [==   Elf:3 (
Vaults:5 %%%???%?

Portals:
Hell: Depths:1 Depths:2 Depths:3 Depths:4 Depths:5
Abyss: Depths:1 Depths:2 Depths:4
Pandemonium: Depths:3
Ziggurat: Depths:4*

Annotations:
Spider:4 1 exclusion


Innate Abilities, Weirdness & Mutations

You have a pair of large horns on your head.
You are completely covered in rugged brown scales (AC +3, +7% HP).
A powerful demonic guardian rushes to your aid.
You radiate miasma.
Your magical and physical power is greatly enhanced at high health.
You are immune to rotting.
You have very sharp teeth.
You have large cloven feet.
You have supernaturally acute eyesight.
You are agile. (Dex +2)
Your flesh is very heat resistant.
Your spells are much easier to cast, but much less powerful.


Message History

Your headbutt misses the electric golem.
You bite the electric golem, but do no damage.
The electric golem is almost destroyed.
The electric golem blinks!
Evoke which item? (* to show all) (? for menu, Esc to quit)
Zapping:
D - a wand of disintegration {zapped: 6}
Press: ? - help, Shift-Dir - straight line, f - electric golem
Aim: an electric golem (almost destroyed)
The electric golem is unaffected.
The electric golem completely misses you.
The electric golem hits you!
* * * LOW HITPOINT WARNING * * *
The electric golem shocks you!!
* * * LOW HITPOINT WARNING * * *
You emit a cloud of foul miasma!
The electric golem hits you but does no damage.
The electric golem misses you. The electric golem hits you!
* * * LOW HITPOINT WARNING * * *
The electric golem shocks you!
You die...

#### ##### #..#####...########
###.>.....###.....##### #
####..###..##...........####
###..#### ##.@>.#######......#
###...## ##ยง.8## ####....
##...### ##.....### ##... ....##
##..##....#### ##.. ..###
####.#####......### ##. .##
####.....# #........####### ##
###........####..............#
####.............................
##..........##..##.......).......


You could see an electric golem.

Vanquished Creatures
  3 ancient liches
  An orb of fire (Zot:3)
  2 curse toes
  Norris (Elf:3)
  11 golden dragons
  6 bone dragons
  14 tentacled monstrosities
  7 liches
  4 titans
  2 deep elf master archers (Elf:3)
  5 quicksilver dragons
  15 storm dragons
  8 sphinxes
  Rupert (Lair:5)
  2 tentacled starspawn (Abyss:1)
  Frances (Swamp:1)
  A thorn hunter (Swamp:2)
  10 shadow dragons
  A shadow dragon (shapeshifter) (Swamp:2)
  2 draconian monks
  A fire giant (shapeshifter) (Vaults:5)
  8 tengu reavers
  Wiglaf (Swamp:2)
  4 draconian scorchers
  Maud (D:15)
  8 fire giants
  2 draconian knights
  12 frost giants
  An orc warlord (Vaults:1)
  14 vault wardens
  Aizul (Spider:1)
  Louise (Elf:3)
  5 draconian zealots
  8 deep elf sorcerers
  12 ghost moths
  A ghost moth (shapeshifter) (Vaults:1)
  10 emperor scorpions
  3 draconian annihilators
  6 spriggan defenders
  16 stone giants
  7 deep elf demonologists
  5 draconian shifters
  3 draconian callers
  A starcursed mass (Abyss:1)
  2 vampire knights
  16 deep elf annihilators
  10 green draconians
  The ghost of nsdk123 the Nimble, a powerful MiBe of Trog (Lair:6)
  6 grey draconians
  6 dire elephants
  2 black draconians
  4 pale draconians
  3 mottled draconians
  A yellow draconian (shapeshifter) (Vaults:5)
  11 red draconians
  2 lorocyprocas
  5 yellow draconians
  6 white draconians
  21 purple draconians
  An unborn (Vaults:3)
  16 fire dragons
  34 vault guards
  10 deep elf death magi
  17 ironheart preservers
  A spectral tengu (Vaults:5)
  3 minotaurs
  5 death cobs
  23 ettins
  6 rakshasas
  6 great orbs of eyes
  Fannar (Orc:4)
  14 yaktaur captains
  5 deep elf high priests
  20 ice dragons
  A naga warrior (Abyss:1)
  6 shambling mangroves
  A monstrous demonspawn (Depths:3)
  3 spriggan air magi
  19 hydras
  2 anacondas
  6 deep troll earth magi
  9 deep troll shamans
  7 alligators
  3 dancing weapons
  27 death yaks
  5 tengu warriors
  3 spectral elves (Vaults:5)
  13 ogre magi
  4 spriggan berserkers
  Nergalle (D:12)
  A thrashing horror (Abyss:1)
  A titan skeleton (Depths:2)
  A catoblepas (shapeshifter) (Depths:4)
  10 very ugly things
  13 centaur warriors
  5 hell knights
  A fire crab (Vaults:3)
  2 soul eaters
  4 iron trolls
  7 skeletal warriors
  A golden dragon zombie (Zot:2)
  2 catoblepae (Depths:2)
  9 flayed ghosts
  An orb spider (shapeshifter) (Depths:4)
  13 deep elf knights
  A shadow wraith (Vaults:2)
  5 spriggan druids
  37 deep trolls
  4 large abominations
  15 orb spiders
  A putrid demonspawn (Depths:3)
  4 unseen horrors
  6 ice devils
  11 deep elf summoners
  A shadow demon (Abyss:1)
  A water nymph (shapeshifter) (Vaults:2)
  A death drake (shapeshifter) (Vaults:3)
  7 giant orange brains
  12 swamp dragons
  2 ice statues (IceCv)
  10 hill giants
  A hill giant (shapeshifter) (D:15)
  3 harpies (Vaults:3)
  2 silver statues
  16 ironbrand convokers
  14 orc knights
  A sphinx zombie (Vaults:2)
  18 deep elf conjurers
  Joseph (D:11)
  A faun (D:15)
  4 wizards
  A cyclops (shapeshifter) (Depths:3)
  6 necromancers
  A spectral ettin (Vaults:5)
  A frost giant zombie (Vaults:2)
  A stone giant zombie (Depths:3)
  2 hell beasts
  2 salamanders
  11 red wasps
  46 wolf spiders
  5 lindwurms
  A fire giant zombie (Depths:2)
  A wolf spider (shapeshifter) (Depths:4)
  2 manticores
  2 sixfirhies (Depths:3)
  4 cyclopes
  8 griffons
  23 elephants
  2 phantasmal warriors
  3 black mambas (Lair:8)
  6 orc sorcerers
  2 oklob plants (Lair:4)
  9 vault sentinels
  15 moths of wrath
  A naga mage (D:14)
  A gargoyle (D:14)
  3 orange demons
  A mottled draconian zombie (Zot:4)
  3 iron devils
  A yaktaur zombie (Vaults:2)
  A red draconian zombie (Zot:4)
  Psyche (D:12)
  A smoke demon (Abyss:1)
  16 spiny frogs
  A yellow draconian zombie (Zot:4)
  A feature mimic (D:11)
  49 yaktaurs
  An elf (shapeshifter) (D:14)
  7 trolls
  8 demonic crawlers
  A guardian mummy (Zot:2)
  A tengu conjurer (Depths:4)
  A redback zombie (Vaults:3)
  16 komodo dragons
  An elf skeleton (Depths:2)
  2 harpy zombies (Vaults:3)
  12 deep elf priests
  2 yaktaur skeletons
  5 blue devils
  14 fire drakes
  3 red devils
  9 giant leeches
  An ancient zyme (Abyss:2)
  29 jumping spiders
  9 human zombies
  A tengu simulacrum (Vaults:2)
  A polar bear (Lair:7)
  32 two-headed ogres
  A wind drake (Zot:2)
  2 hydra skeletons
  10 freezing wraiths
  A boulder beetle (shapeshifter) (Vaults:1)
  A troll (shapeshifter) (Vaults:2)
  A centaur skeleton (D:15)
  A moth of wrath zombie (Zot:4)
  42 slime creatures
  A fire giant simulacrum (Depths:2)
  8 bog bodies
  8 boulder beetles
  20 ravens
  A blink frog (shapeshifter) (Depths:3)
  5 baby alligators
  An ettin zombie (Depths:1)
  A red wasp zombie (D:15)
  29 blink frogs
  A snapping turtle (shapeshifter) (Vaults:5)
  5 basilisks
  A fire dragon zombie (Zot:4)
  A ynoxinul (Depths:2)
  4 shadows
  A brown ooze (shapeshifter) (Depths:1)
  21 trapdoor spiders
  A stone giant simulacrum (Vaults:2)
  4 vampires
  2 humans (shapeshifter)
  11 spriggans
  3 wraiths
  A slime creature (shapeshifter) (Depths:4)
  34 ugly things
  56 redbacks
  28 yaks
  34 tarantellas
  A frost giant simulacrum (Vaults:2)
  2 chaos spawn (Abyss:1)
  2 ettin skeletons
  33 vampire mosquitoes
  36 deep elf magi
  4 sharks
  29 deep elf fighters
  2 ugly thing zombies (Vaults:2)
  A fire bat (Abyss:1)
  7 hippogriffs
  10 hungry ghosts
  2 humans
  2 steam dragons
  A hill giant skeleton (D:8)
  21 swamp worms
  8 wolves
  A warg (Vaults:3)
  A deep troll zombie (Vaults:2)
  A naga (Abyss:1)
  18 water moccasins
  6 soldier ants (Lair:5)
  A porcupine (shapeshifter) (Vaults:4)
  A hell hound (Depths:2)
  4 small abominations
  3 mottled dragons
  33 spiders
  32 orc warriors
  8 porcupines
  10 swamp drakes
  An ice beast (shapeshifter) (Depths:2)
  56 ogres
  A black bear (shapeshifter) (Vaults:4)
  3 black bears
  2 sky beasts (D:12)
  6 phantoms
  5 yellow wasps
  A yellow wasp (shapeshifter) (Vaults:5)
  3 boggarts (Vaults:3)
  20 crocodiles
  14 ice beasts
  The ghost of Chiseanne the Sneak, an average DsAs (D:4)
  A boring beetle (shapeshifter) (Depths:4)
  14 centaurs
  7 brain worms
  A boring beetle (Lair:7)
  5 big kobolds
  2 necrophages
  28 giant frogs
  A brain worm (shapeshifter) (Vaults:3)
  A deep troll simulacrum (Vaults:1)
  11 insubstantial wisps
  A cyclops zombie (D:14)
  A cyclops skeleton (D:9)
  13 killer bees
  A boulder beetle zombie (D:14)
  An eye of draining (D:13)
  A human simulacrum (Vaults:3)
  2 scorpions (Spider:1)
  A troll zombie (Vaults:2)
  9 wights
  3 electric eels
  2 goliath beetles
  11 big fish
  13 quasits
  26 orc priests
  A giant frog zombie (D:5)
  18 crimson imps
  3 jellies
  10 iron imps
  15 iguanas
  10 hounds
  A shapeshifter simulacrum (D:15)
  44 orc wizards
  10 statues
  35 worker ants
  7 orange rats
  8 sheep
  A sky beast zombie (D:7)
  A mummy (D:10)
  4 gnolls
  A hound skeleton (D:7)
  2 worker ant zombies
  17 adders
  An adder (shapeshifter) (Vaults:5)
  49 green rats
  A giant mite (D:5)
  18 white imps
  19 worms
  10 shadow imps
  21 ufetubi
  An iguana skeleton (D:5)
  8 giant geckos
  An ooze (D:2)
  225 orcs
  A giant cockroach (D:1)
  18 hobgoblins
  6 jackals
  8 quokkas
  A ball python (D:3)
  28 bats
  6 giant newts
  A giant spore (D:15)
  A gnoll skeleton (D:7)
  19 goblins
  A hobgoblin skeleton (D:5)
  A hobgoblin zombie (D:5)
  30 kobolds
  2 orc skeletons
  9 orc zombies
  18 rats
  5 ballistomycetes (D:13)
  A briar patch (Swamp:2)
  3 crawling corpses
  6 fungi
  2 plants (Lair:8)
  A starspawn tentacle (Abyss:1)
2836 creatures vanquished.

Vanquished Creatures (collateral kills)
  A golden dragon (Zot:2)
  A bone dragon (Depths:5)
  Arachne (Spider:2)
  A tentacled monstrosity (Zot:4)
  A quicksilver dragon (Depths:3)
  A storm dragon (Depths:3)
  A thorn hunter (Swamp:4)
  Roxanne (Spider:3)
  A frost giant (Depths:4)
  4 vault wardens
  4 deep elf sorcerers
  A draconian zealot (Zot:4)
  A draconian knight (Zot:2)
  2 stone giants
  A deep elf annihilator (Elf:3)
  2 green draconians
  A mottled draconian (Zot:4)
  A pale draconian (Zot:1)
  2 white draconians (Zot:2)
  A purple draconian (Zot:4)
  3 vault guards
  A minotaur (shapeshifter) (Vaults:5)
  A deep elf high priest (Vaults:5)
  3 fire dragons
  An ironheart preserver (Vaults:1)
  4 deep trolls
  Harold (D:10)
  3 ice dragons
  6 hydras
  Nessos (D:11)
  2 rakshasas
  An ogre mage (Depths:1)
  3 shambling mangroves
  A deep troll earth mage (Depths:1)
  10 death yaks
  A sun demon (Depths:1)
  A very ugly thing (Depths:2)
  A deep elf knight (Elf:1)
  5 orb spiders
  A deep elf summoner (Vaults:4)
  A swamp dragon (shapeshifter) (Depths:1)
  The ghost of Amnekian the Basher, an experienced OgFi of Yredelemnul (D:8)
  4 swamp dragons
  2 hill giants
  2 orc knights
  A griffon (Lair:4)
  A wizard (Vaults:3)
  A harpy (Vaults:1)
  3 red wasps
  2 wolf spiders (Spider:5)
  3 oklob plants (Lair:4)
  A stone giant zombie (Depths:3)
  2 cyclopes
  An orc sorcerer (Vaults:3)
  A draconian (shapeshifter) (Vaults:2)
  A red wasp (shapeshifter) (Vaults:5)
  5 moths of wrath
  A phantasmal warrior (Depths:3)
  A sixfirhy (Zot:4)
  2 black mambas (Lair:2)
  A queen ant (Lair:5)
  4 elephants
  A smoke demon (Zot:4)
  2 yaktaurs
  2 redback zombies (Vaults:3)
  An iron devil (Elf:2)
  3 spiny frogs
  A wandering mushroom (D:13)
  A hellwing (Zot:4)
  2 jumping spiders
  2 demonic crawlers (Spider:5)
  2 two-headed ogres
  A raiju (shapeshifter) (Depths:1)
  2 ravens
  A tarantella zombie (Vaults:3)
  8 blink frogs
  2 slime creatures
  2 blue devils
  A baby alligator (Swamp:2)
  A basilisk (Lair:2)
  4 redbacks
  A spriggan (shapeshifter) (Vaults:3)
  5 spriggans
  3 ugly things
  A wyvern (D:9)
  2 deep elf magi
  18 yaks
  2 tarantellas (Spider:5)
  A yak (shapeshifter) (Depths:3)
  2 deep elf fighters
  An ugly thing zombie (Vaults:2)
  2 hippogriffs
  A swamp worm (Swamp:5)
  3 wolves (Lair:1)
  A vampire mosquito (Swamp:3)
  A porcupine (Lair:1)
  5 swamp drakes
  An orc warrior (Vaults:2)
  2 human zombies (Vaults:2)
  3 ice beasts
  2 ogres
  A lost soul (Vaults:5)
  2 centaurs
  A giant frog (D:15)
  3 brain worms
  8 killer bees
  3 wights (D:10)
  3 crimson imps
  An iron imp (Depths:2)
  An orc priest (Vaults:2)
  A quasit (Zot:4)
  4 worker ants (Lair:5)
  2 orc wizards
  11 green rats
  A shadow imp (Lair:6)
  4 ufetubi
  13 orcs
  3 hobgoblins
  2 quokkas
  2 bats (D:10)
  A kobold (D:8)
  2 orc zombies (Vaults:2)
  A rat skeleton (D:8)
286 creatures vanquished.

Vanquished Creatures (others)
  3 Executioners
  A draconian scorcher (Zot:4)
  5 balrugs
  A ghost moth (Zot:2)
  2 cacodemons
  A draconian annihilator (Zot:2)
  3 reapers
  A deep elf high priest (Elf:2)
  An ice dragon (Zot:1)
  8 dancing weapons
  The ghost of l0ser140 the Covert, a powerful KoEn of Dithmenos (IceCv)
  29 sun demons
  32 soul eaters
  A large abomination (Abyss:1)
  33 ice devils
  An orc knight (Vaults:2)
  35 sixfirhies
  A red wasp (Depths:2)
  A purple draconian zombie (Zot:4)
  An orange demon (Vaults:3)
  31 smoke demons
  A demonic crawler (Spider:5)
  A blue devil (D:10)
  2 ball lightnings (Swamp:3)
  A redback (Spider:5)
  A spriggan (Depths:5)
  2 ynoxinuls
  A deep elf fighter (Vaults:3)
  A vampire mosquito (Depths:5)
  An ogre (Depths:1)
  A boggart (Depths:4)
  3 killer bees (Vaults:2)
  9 quasits
  12 crimson imps
  13 iron imps
  2 orc priests
  An orc wizard (Vaults:5)
  A hound (Spider:5)
  An iguana (Lair:4)
  2 worker ants
  15 shadow imps
  24 white imps
  12 ufetubi
  10 orcs
  A quokka (Lair:6)
  A giant spore (D:13)
  An orc zombie (Swamp:2)
  A quokka zombie (D:8)
  5 ballistomycetes
  A bush (Depths:2)
  42 fungi
  17 plants
  5 starspawn tentacles (Abyss:1)
  8 starspawn tentacle segments (Abyss:1)
391 creatures vanquished.

Grand Total: 3513 creatures vanquished

Notes
Turn   | Place    | Note
--------------------------------------------------------------
     0 | D:1      | Mindmaker, the Demonspawn Chaos Knight, began the quest for the Orb.
     0 | D:1      | Reached XP level 1. HP: 18/18 MP: 1/1
   385 | D:1      | XOM: harmless Conj miscast
   495 | D:1      | Gained mutation: You have a pair of small horns on your head. [demonic ancestry]
   495 | D:1      | Reached XP level 2. HP: 24/24 MP: 2/2
  1229 | D:1      | Gained mutation: You are partially covered in rugged brown scales (AC +1, +3% HP). [demonic ancestry]
  1229 | D:1      | Reached XP level 3. HP: 24/29 MP: 3/3
  1377 | D:2      | XOM: silly message
  1516 | D:2      | XOM: divination: detect creatures
  1532 | D:2      | Reached skill level 4 in Long Blades
  1564 | D:2      | XOM: harmless Fire miscast
  2117 | D:2      | Found a glowing golden altar of the Shining One.
  2121 | D:2      | Found a shimmering altar of Xom.
  2122 | D:2      | Found a white marble altar of Elyvilon.
  2145 | D:2      | Found a stormy altar of Qazlal.
  2338 | D:2      | Found a stormy altar of Qazlal.
  2341 | D:2      | Noticed a fire elemental
  2342 | D:2      | Noticed a water elemental
  2342 | D:2      | Noticed an air elemental
  2342 | D:2      | Noticed an earth elemental
  2414 | D:2      | Gained mutation: A weak demonic guardian rushes to your aid. [demonic ancestry]
  2414 | D:2      | Reached XP level 4. HP: 31/36 MP: 4/4
  2607 | D:2      | XOM: silly message
  2636 | D:3      | Found a shadowy altar of Dithmenos.
  2780 | D:3      | XOM: colour smoke trail
  3321 | D:4      | Noticed an ogre
  3615 | D:4      | XOM: medium Hex miscast
  3654 | D:4      | Found a burning altar of Makhleb.
  3662 | D:4      | Found a shattered altar of Ashenzari.
  3662 | D:4      | XOM: 7-stop teleportation journey
  3668 | D:4      | Reached skill level 5 in Long Blades
  3671 | D:4      | Noticed an ogre
  3672 | D:4      | XOM: swap monsters
  3675 | D:4      | XOM: confuse monster(s)
  3687 | D:4      | Killed an ogre
  3687 | D:4      | Gained mutation: You are immune to rotting. [demonic ancestry]
  3687 | D:4      | Reached XP level 5. HP: 30/42 MP: 5/5
  3771 | D:4      | Noticed Chiseanne's ghost (average DsAs)
  3789 | D:4      | Killed Chiseanne's ghost
  3789 | D:4      | Gained mutation: A demonic guardian rushes to your aid. [demonic ancestry]
  3789 | D:4      | Reached XP level 6. HP: 24/48 MP: 6/6
  3969 | D:4      | Found an ancient bone altar of Kikubaaqudgha.
  4360 | D:4      | Killed an ogre
  4384 | D:5      | Entered Level 5 of the Dungeon
  4598 | D:4      | XOM: mild Pois miscast
  4601 | D:4      | Gained mutation: You have supernaturally acute eyesight. [potion of mutation]
  4601 | D:4      | Gained mutation: Your magical capacity is low (-10% MP). [potion of mutation]
  4601 | D:4      | Gained mutation: You are covered in fur (AC +1). [potion of mutation]
  4602 | D:4      | XOM: potion effect (haste)
  4621 | D:4      | Gained mutation: You have a pair of horns on your head. [demonic ancestry]
  4621 | D:4      | Reached XP level 7. HP: 35/53 MP: 6/6
  4654 | D:4      | Gained mutation: Your flesh is heat resistant. [potion of mutation]
  4655 | D:4      | Gained mutation: You are agile. (Dex +2) [potion of mutation]
  4655 | D:4      | Lost mutation: Your magical capacity is low (-10% MP). [potion of mutation]
  4655 | D:4      | Gained mutation: You are weak. (Str -2) [potion of mutation]
  4763 | D:5      | Got a slimy iron amulet
  4764 | D:5      | Identified the amulet of Thrurheu {+Rage Dex-4 Int-4} (You found it on level 5 of the Dungeon)
  4789 | D:5      | XOM: silly message
  4991 | D:5      | XOM: mild Divn miscast
  5079 | D:5      | Reached skill level 6 in Long Blades
  5399 | D:5      | XOM: divination: detect items
  5591 | D:5      | XOM: harmless Summ miscast
  5855 | D:6      | XOM: noise
  6049 | D:6      | Found a snail-covered altar of Cheibriados.
  6098 | D:6      | XOM: snakes to sticks
  6306 | D:6      | XOM: harmless Hex miscast
  6347 | D:6      | Reached XP level 8. HP: 59/59 MP: 8/8
  6405 | D:6      | Reached skill level 7 in Long Blades
  6534 | D:6      | XOM: cast spell 'Confusing Touch'
  6552 | D:6      | XOM: confuse monster(s)
  6942 | D:7      | Reached skill level 5 in Armour
  6984 | D:7      | XOM: harmless Summ miscast
  7096 | D:7      | XOM: harmless Fire miscast
  7239 | D:7      | Reached skill level 5 in Dodging
  7532 | D:7      | XOM: confuse monster(s)
  7637 | D:7      | XOM: divination: detect creatures
  7641 | D:7      | Reached skill level 8 in Long Blades
  7663 | D:7      | Found a staircase to the Ecumenical Temple.
  7794 | D:7      | XOM: confuse monster(s)
  7870 | D:7      | Gained mutation: You are mostly covered in rugged brown scales (AC +2, +5% HP). [demonic ancestry]
  7870 | D:7      | Reached XP level 9. HP: 57/66 MP: 9/9
  8157 | D:8      | Found a snail-covered altar of Cheibriados.
  8271 | D:8      | Reached skill level 9 in Long Blades
  8299 | D:8      | XOM: mild Conj miscast
  8313 | D:8      | XOM: summons 4 hostile shadow creatures
  8418 | D:8      | XOM: noise
  8508 | D:8      | Found a shattered altar of Ashenzari.
  8508 | D:8      | XOM: 4-stop teleportation journey
  8631 | D:8      | XOM: enchant monster (bad)
  8636 | D:8      | XOM: summons friendly ufetubus
  8895 | D:8      | Reached skill level 10 in Long Blades
  8925 | D:8      | Found a radiant altar of Vehumet.
  9325 | Temple   | Entered the Ecumenical Temple
  9401 | D:8      | Noticed Amnekian's ghost (experienced OgFi)
  9405 | D:8      | Killed Amnekian's ghost
  9435 | D:9      | Noticed an ice dragon
  9679 | D:9      | Gained mutation: You have a pair of large horns on your head. [demonic ancestry]
  9679 | D:9      | Reached XP level 10. HP: 60/73 MP: 10/10
  9801 | D:9      | XOM: silly message
 10026 | D:9      | Found a sparkling altar of Nemelex Xobeh.
 10151 | D:9      | XOM: medium Divn miscast
 10351 | D:9      | Noticed a hill giant
 10351 | D:9      | an ice dragon changed into a hill giant
 10351 | D:9      | XOM: polymorph ice dragon -> hill giant
 10354 | D:9      | Killed a hill giant
 10378 | D:9      | XOM: blink monster(s)
 10466 | D:9      | XOM: harmless Fire miscast
 10569 | D:9      | XOM: scenery: 3 doors close
 10643 | D:9      | XOM: harmless Tloc miscast
 10793 | D:9      | Got a transparent ring mail
 10803 | D:9      | Identified the +5 ring mail of the Realm of Zot {+Fly rElec} (You found it on level 9 of the Dungeon)
 10826 | D:8      | XOM: scenery: 1 doors close
 10827 | D:8      | XOM: scenery: 1 doors open
 10876 | D:10     | Entered Level 10 of the Dungeon
 10974 | D:10     | XOM: divination: detect creatures
 11015 | D:10     | XOM: summons 1 hostile demon
 11033 | D:10     | XOM: god gift: scroll labeled MANNIMEMAG
 11036 | D:10     | Reached skill level 11 in Long Blades
 11130 | D:10     | XOM: vitrification
 11277 | D:10     | Noticed Harold
 11327 | D:10     | Killed Harold
 11590 | D:10     | XOM: 2-stop teleportation journey
 11619 | D:10     | XOM: cast spell 'Summon Butterflies'
 11667 | D:10     | XOM: summons 3 friendly demons
 11677 | D:10     | XOM: god gift: 430 gold pieces
 11795 | D:10     | XOM: potion effect (might)
 11824 | D:10     | Found a staircase to the Lair.
 11917 | D:10     | Reached skill level 12 in Long Blades
 11926 | D:10     | XOM: silly message
 11996 | D:10     | XOM: scenery: create altars
 12007 | D:10     | XOM: mild Fire miscast
 12162 | Lair:1   | Entered Level 1 of the Lair of Beasts
 12185 | Lair:1   | XOM: mild Necr miscast
 12252 | Lair:1   | Noticed a six-headed hydra
 12260 | Lair:1   | XOM: confuse monster(s)
 12261 | Lair:1   | Killed a six-headed hydra
 12261 | Lair:1   | Reached XP level 11. HP: 67/78 MP: 11/11
 12650 | Lair:1   | XOM: silly message
 12718 | Lair:1   | Reached skill level 1 in Shields
 12743 | Lair:1   | XOM: give mutations
 12743 | Lair:1   | Gained mutation: Your body is slowly deteriorating. [Xom's mischief]
 12743 | Lair:1   | Lost mutation: You are weak. (Str -2) [Xom's mischief]
 13063 | Lair:1   | XOM: divination: detect creatures
 13200 | Lair:1   | XOM: silly message
 13281 | Lair:2   | XOM is BORED!
 13281 | Lair:2   | XOM: medium Hex miscast
 13380 | Lair:2   | Noticed a four-headed hydra
 13384 | Lair:2   | Killed a four-headed hydra
 13666 | Lair:2   | Reached skill level 5 in Shields
 13765 | Lair:2   | XOM: enchant monster (bad)
 13946 | Lair:2   | XOM: silly message
 14069 | Lair:2   | XOM: vitrification
 14641 | Lair:3   | Upgraded the game from 0.15-a0-1439-g2e54579 to 0.15-a0-1471-g7d01089
 14642 | Lair:3   | XOM: fake destruction
 15029 | Lair:3   | XOM: 2-stop teleportation journey
 15132 | Lair:3   | XOM: 1-stop teleportation journey
 15248 | Lair:3   | XOM: summons 11 friendly demons
 15533 | Lair:3   | XOM: summons friendly shadow imp
 15579 | Lair:3   | XOM: god gift: chain mail {god gift}
 15599 | Lair:3   | XOM: silly message
 15860 | Lair:4   | Noticed an eight-headed hydra
 15875 | Lair:4   | Killed an eight-headed hydra
 15912 | Lair:4   | XOM: summons friendly crimson imp
 15950 | Lair:4   | Reached XP level 12. HP: 62/85 MP: 12/12
 15988 | Lair:4   | Reached skill level 10 in Armour
 15988 | Lair:4   | XOM: divination: magic mapping
 16058 | Lair:4   | Found a staircase to the Swamp.
 16101 | Lair:4   | Noticed a swamp dragon
 16116 | Lair:4   | Killed a swamp dragon
 16129 | Lair:4   | XOM: give mutations
 16129 | Lair:4   | Gained mutation: You are frail (-10% HP). [Xom's mischief]
 16129 | Lair:4   | Gained mutation: You are dopey. (Int -2) [Xom's mischief]
 16172 | Lair:4   | XOM: summons friendly iron imp
 16296 | Lair:4   | XOM: mild Erth miscast
 16528 | Lair:4   | XOM: summons friendly neqoxec
 16591 | Lair:4   | XOM: vitrification
 16817 | Lair:5   | XOM: stealth player
 16932 | Lair:5   | XOM: confusion (+ monsters)
 16974 | Lair:5   | Found a frozen archway.
 17041 | Lair:5   | XOM: confuse monster(s)
 17051 | IceCv    | Entered an ice cave
 17167 | IceCv    | Killed l0ser140's ghost
 17195 | IceCv    | XOM: harmless Tloc miscast
 17196 | IceCv    | XOM: confuse monster(s)
 17764 | IceCv    | XOM: polymorph blue devil -> red devil
 17799 | IceCv    | XOM: cast spell 'Summon Hydra'
 17802 | IceCv    | Reached skill level 13 in Long Blades
 17998 | IceCv    | XOM: blink monster(s)
 18083 | IceCv    | XOM: 1-stop teleportation journey
 18186 | IceCv    | XOM: confuse monster(s)
 18387 | IceCv    | Got a brightly glowing demon blade
 18388 | IceCv    | Identified the +10,+7 demon blade "Dejomu" {elec, MR++ Stlth+} (You found it in an ice cave)
 18560 | Lair:5   | XOM: potion effect (might)
 18635 | Lair:5   | Noticed Rupert
 18647 | Lair:5   | Killed Rupert
 18686 | Lair:5   | XOM: summons 11 friendly demons
 18729 | Lair:5   | Reached skill level 14 in Long Blades
 19041 | Lair:5   | XOM: destruction
 19228 | Lair:6   | Gained mutation: You are covered in thick fur (AC +2). [potion of beneficial mutation]
 19289 | Lair:6   | XOM: 7-stop teleportation journey
 19295 | Lair:6   | Found a hole to the Spider Nest.
 19356 | Lair:6   | XOM: give mutations
 19356 | Lair:6   | Gained mutation: You are very frail (-20% HP). [Xom's mischief]
 19356 | Lair:6   | Lost mutation: Your body is slowly deteriorating. [Xom's mischief]
 19356 | Lair:6   | Lost mutation: You are very frail (-20% HP). [Xom's mischief]
 19356 | Lair:6   | Lost mutation: You are agile. (Dex +2) [Xom's mischief]
 19551 | Lair:6   | Reached skill level 5 in Fighting
 19557 | Lair:6   | XOM: enchant monster (good)
 19559 | Lair:6   | XOM: divine lightning (protected)
 19564 | Lair:6   | XOM: cast spell 'Summon Small Mammal'
 19593 | Lair:6   | Gained mutation: You emit a foul stench. [demonic ancestry]
 19593 | Lair:6   | Reached XP level 13. HP: 68/87 MP: 13/13
 19684 | Lair:6   | Found a viscous altar of Jiyva.
 19685 | Lair:6   | Found a staircase to the Slime Pits.
 19736 | Lair:6   | XOM: give mutations
 19736 | Lair:6   | Gained mutation: You have large cloven feet. [Xom's grace]
 19736 | Lair:6   | Gained mutation: You are resistant to electric shocks. [Xom's grace]
 19736 | Lair:6   | Gained mutation: You can translocate small distances at will. [Xom's grace]
 19736 | Lair:6   | Gained mutation: Your system is resistant to poisons. [Xom's grace]
 19767 | Lair:6   | Noticed nsdk123's ghost (powerful MiBe)
 19894 | Lair:6   | Noticed a five-headed hydra
 19894 | Lair:6   | XOM: summons friendly iron imp
 19901 | Lair:6   | Killed an eight-headed hydra
 19915 | Lair:6   | XOM: harmless Hex miscast
 19977 | Lair:6   | XOM: medium Ice miscast
 20000 | Lair:6   | XOM: silly message
 20003 | Lair:6   | XOM: summons 5 hostile demons
 20006 | Lair:6   | XOM: summons friendly white imp
 20049 | Lair:6   | Killed nsdk123's ghost
 20217 | Lair:6   | XOM: god gift: 21 gold pieces
 20493 | Lair:6   | XOM: enchant monster (bad)
 20711 | Lair:7   | Upgraded the game from 0.15-a0-1471-g7d01089 to 0.15-a0-1472-ge546950
 20740 | Lair:7   | Got a twisted chain mail
 20755 | Lair:7   | Identified the +5 chain mail of Creativity {+Fly rElec rF+} (You found it on level 7 of the Lair of Beasts)
 20864 | Lair:7   | XOM: enchant monster (bad)
 21050 | Lair:7   | Reached skill level 10 in Fighting
 21122 | Lair:7   | XOM: enchant monster (bad)
 21856 | Lair:8   | Entered Level 8 of the Lair of Beasts
 21860 | Lair:8   | XOM: 2-stop teleportation journey
 21949 | Lair:8   | XOM: god gift: 22 gold pieces
 21969 | Lair:8   | XOM: divination: magic mapping
 22018 | Lair:8   | XOM: vitrification
 22224 | Lair:8   | Got a faintly humming plate armour
 22241 | Lair:8   | Identified the cursed +0 plate armour of the Saviour {+Rage rPois} (You found it on level 8 of the Lair of Beasts)
 22360 | Lair:8   | XOM: enchant monster (bad)
 22430 | Lair:8   | Reached XP level 14. HP: 96/104 MP: 14/14
 22764 | Lair:8   | XOM: medium Ice miscast
 22774 | Lair:8   | XOM: harmless Pois miscast
 22794 | Lair:8   | XOM: torment (38/104 hp)
 22905 | Lair:8   | XOM: harmless Hex miscast
 23114 | Lair:8   | XOM: cast spell 'Summon Butterflies'
 23231 | Lair:8   | XOM: give mutation
 23231 | Lair:8   | Gained mutation: You have very sharp teeth. [Xom's grace]
 23406 | Lair:8   | XOM: god gift: 20 gold pieces
 23511 | Lair:8   | XOM: swap monsters
 23560 | Lair:8   | XOM: give mutations
 23560 | Lair:8   | Gained mutation: You have a slow metabolism. [Xom's grace]
 23560 | Lair:8   | Gained mutation: Your flesh is very heat resistant. [Xom's grace]
 23560 | Lair:8   | Gained mutation: Your spells are a little easier to cast, but a little less powerful. [Xom's grace]
 23560 | Lair:8   | Gained mutation: Your muscles are strong. (Str +2) [Xom's grace]
 24025 | Lair:8   | XOM: god gift: 8 gold pieces
 24028 | Lair:8   | XOM: destruction
 24035 | Lair:8   | XOM: god gift: 49 gold pieces
 24064 | Lair:6   | XOM: cast spell 'Summon Horrible Things'
 24337 | D:11     | Reached skill level 10 in Dodging
 24346 | D:11     | Found Gata's Armour Shoppe.
 24348 | D:11     | Found a staircase to the Orcish Mines.
 24349 | D:11     | Noticed Joseph
 24367 | D:11     | Killed Joseph
 24395 | D:11     | Found Khay's Weapon Shoppe.
 24401 | D:11     | the staircase to the Orcish Mines was a mimic.
 24414 | D:11     | Noticed Nessos
 24430 | D:11     | XOM: polymorph eight-headed hydra -> alligator
 24455 | D:11     | XOM: confuse monster(s)
 24462 | D:11     | Killed Nessos
 25038 | D:12     | XOM: confuse monster(s)
 25093 | D:12     | Found Sozumn's Demolitions Depot.
 25272 | D:12     | Noticed Psyche
 25274 | D:12     | Killed Psyche
 25293 | D:12     | Noticed Nergalle
 25302 | D:12     | Killed Nergalle
 25417 | D:12     | Found a labyrinth entrance.
 25424 | Lab      | Entered a labyrinth
 25644 | Lab      | XOM: polymorph soul eater -> ice devil
 25645 | Lab      | XOM: polymorph minotaur -> fire dragon
 25665 | Lab      | Identified Gatinn's Tome of the Zebra (You found it in a labyrinth)
 25668 | Lab      | Identified the Compendium of Mutagenic Stones (You found it in a labyrinth)
 25832 | D:12     | Found a staircase to the Orcish Mines.
 26156 | D:12     | XOM: vitrification
 26164 | Orc:1    | Entered Level 1 of the Orcish Mines
 26204 | Orc:1    | XOM: summons 4 hostile demons
 26271 | Orc:1    | XOM: harmless Pois miscast
 26295 | Orc:1    | XOM: give mutations
 26295 | Orc:1    | Gained mutation: You passively map a small area around you. [Xom's grace]
 26295 | Orc:1    | Gained mutation: You are agile. (Dex +2) [Xom's grace]
 26304 | Orc:1    | XOM: noise
 26538 | Orc:1    | XOM: mild Chrm miscast
 26716 | Orc:2    | XOM: divination: detect items
 27238 | Orc:3    | Found a roughly hewn altar of Beogh.
 27444 | Orc:3    | Found a burning altar of Makhleb.
 27489 | Orc:3    | XOM: medium Tloc miscast
 27501 | Orc:3    | XOM: god gift: 9 gold pieces
 27578 | Orc:3    | XOM: 1-stop teleportation journey
 27831 | Orc:4    | Entered Level 4 of the Orcish Mines
 27914 | Orc:4    | XOM is BORED!
 27914 | Orc:4    | XOM: 1-stop teleportation journey
 27915 | Orc:4    | Noticed Fannar
 27924 | Orc:4    | Killed Fannar
 27948 | Orc:4    | XOM: blink monster(s)
 27960 | Orc:4    | Found a staircase to the Elven Halls.
 27960 | Orc:4    | Found Gotaw's Jewellery Shop.
 27960 | Orc:4    | Found Muarod's Food Emporium.
 27960 | Orc:4    | Found Mnablaga's Book Emporium.
 27960 | Orc:4    | Found Japo's Antique Armour Boutique.
 27960 | Orc:4    | XOM: 7-stop teleportation journey
 27972 | Orc:4    | XOM: blink monster(s)
 27988 | Orc:4    | XOM: summons 3 friendly demons
 28282 | Orc:4    | XOM: 2-stop teleportation journey
 28830 | Orc:4    | XOM: mild Fire miscast
 28882 | Orc:4    | XOM: swap weapons
 28886 | Orc:4    | Gained mutation: Your magical and physical power is slightly enhanced at high health. [demonic ancestry]
 28886 | Orc:4    | Reached XP level 15. HP: 95/109 MP: 15/15
 29204 | Orc:4    | Bought a distressingly furry scale mail for 144 gold pieces
 29218 | Orc:4    | Identified the +6 scale mail of Contentment {rC+} (You bought it in a shop on level 4 of the Orcish Mines)
 29510 | D:13     | XOM: swap monsters
 29677 | D:13     | XOM: noise
 29736 | D:13     | XOM: 3-stop teleportation journey
 29754 | D:13     | XOM: stat loss: -1 Dex (20/21)
 29931 | D:13     | Found a white marble altar of Elyvilon.
 30010 | D:13     | XOM: cast spell 'Dispersal'
 30012 | D:13     | Reached skill level 15 in Armour
 30277 | D:13     | XOM: summons 3 hostile demons
 30394 | D:13     | XOM: colour smoke trail
 30440 | D:14     | XOM: polymorph hill giant -> ice dragon
 30499 | D:14     | XOM: confusion (+ monsters)
 30532 | D:14     | XOM: swap weapons
 30552 | D:14     | XOM: fake destruction
 30612 | D:14     | Found a gate to the Vaults.
 30617 | D:14     | XOM: divine lightning (protected)
 30693 | D:14     | XOM: god gift: shimmering turquoise ring {god gift}
 30694 | D:14     | Got a shimmering turquoise ring {god gift}
 30696 | D:14     | Identified the ring "Phiwuh" {Ice rPois SInv} (Xom gifted it to you on level 14 of the Dungeon)
 30759 | D:14     | XOM: scenery: 1 doors open, 2 doors close
 31048 | D:14     | XOM: confuse monster(s)
 31128 | D:14     | Found Yfetz's Serpentskin Sales.
 31161 | D:14     | XOM: give mutations
 31161 | D:14     | Gained mutation: You evolve. [Xom's grace]
 31161 | D:14     | Gained mutation: You possess an exceptional clarity of mind. [Xom's grace]
 31214 | D:14     | XOM: summons friendly ufetubus
 31622 | D:14     | XOM: 5-stop teleportation journey
 31644 | D:15     | Entered Level 15 of the Dungeon
 31663 | D:15     | XOM: summons 5 friendly demons
 31664 | D:15     | XOM: summons friendly crimson imp
 32050 | D:15     | XOM: polymorph cyclops -> faun
 32080 | D:15     | Found a staircase to the Depths.
 32082 | D:15     | XOM: mild Tloc miscast
 32253 | D:15     | XOM: silly message
 32272 | D:15     | Noticed Maud
 32281 | D:15     | Killed Maud
 32375 | D:15     | Lost mutation: You are dopey. (Int -2) [evolution]
 32499 | D:15     | XOM: harmless Necr miscast
 32924 | Swamp:1  | Entered Level 1 of the Swamp
 32927 | Swamp:1  | Reached XP level 16. HP: 115/115 MP: 16/16
 33184 | Swamp:1  | XOM is BORED!
 33184 | Swamp:1  | XOM: noise
 33309 | Swamp:1  | XOM: mild Ice miscast
 33480 | Swamp:1  | Noticed Frances
 33494 | Swamp:1  | Killed Frances
 33913 | Swamp:2  | Noticed Saint Roka
 33998 | Swamp:2  | Noticed Wiglaf
 34016 | Swamp:2  | Killed Wiglaf
 34065 | Swamp:2  | XOM: mild Conj miscast
 34200 | Swamp:2  | XOM: potion effect (invisibility)
 34609 | Swamp:2  | XOM: snakes to sticks
 34622 | Swamp:2  | Noticed Saint Roka
 34622 | Swamp:2  | Saint Roka changed into Saint Roka the shadow dragon
 34622 | Swamp:2  | XOM: polymorph Saint Roka -> Saint Roka the shadow dragon
 34632 | Swamp:2  | XOM: silly message
 34639 | Swamp:2  | XOM: harmless Divn miscast
 34645 | Swamp:2  | Killed Saint Roka the shadow dragon
 34645 | Swamp:2  | Reached skill level 15 in Dodging
 34647 | Swamp:2  | XOM: cast spell 'Ring of Flames'
 34648 | Swamp:2  | XOM: summons 7 friendly demons
 34661 | Swamp:2  | XOM: mild Pois miscast
 34715 | Swamp:2  | XOM: mild Ice miscast
 34918 | Swamp:2  | XOM: harmless Summ miscast
 34979 | Swamp:1  | XOM: summons 4 hostile shadow creatures
 34992 | Swamp:2  | XOM: silly message
 35050 | Swamp:2  | XOM: enchant monster (bad)
 35271 | Swamp:2  | XOM: mild Pois miscast
 35312 | Swamp:2  | XOM: mild Fire miscast
 35495 | Swamp:3  | XOM: cast spell 'Conjure Ball Lightning'
 35793 | Swamp:3  | XOM: silly message
 35815 | Swamp:3  | XOM: summons friendly white imp
 36044 | Swamp:3  | XOM: harmless Trmt miscast
 36079 | Swamp:3  | XOM: destruction
 36092 | Swamp:3  | XOM: blink monster(s)
 36096 | Swamp:3  | XOM: polymorph baby alligator -> salamander
 36192 | Swamp:3  | XOM: god gift: royal jelly
 36204 | Swamp:3  | XOM: silly message
 36388 | Swamp:4  | XOM: blink monster(s)
 36471 | Swamp:4  | XOM: harmless Erth miscast
 36693 | Swamp:4  | XOM: noise
 36699 | Swamp:4  | XOM: silly message
 36750 | Swamp:4  | XOM: divination: detect items
 36773 | Swamp:4  | XOM: summons 12 friendly demons
 37119 | Swamp:5  | Entered Level 5 of the Swamp
 37157 | Swamp:5  | XOM: polymorph swamp drake -> ice beast
 37160 | Swamp:5  | XOM: destruction
 37179 | Swamp:5  | Reached XP level 17. HP: 89/126 MP: 17/17
 37198 | Swamp:5  | XOM: summons friendly ufetubus
 37204 | Swamp:5  | XOM: polymorph swamp dragon -> elephant
 37517 | Swamp:5  | XOM: enchant monster (good)
 37536 | Swamp:5  | XOM: confuse monster(s)
 37540 | Swamp:5  | XOM: summons friendly crimson imp
 37561 | Swamp:5  | XOM: summons 8 friendly demons
 37644 | Swamp:5  | XOM: summons friendly shadow imp
 37748 | Swamp:5  | XOM: cast spell 'Cause Fear'
 37760 | Swamp:5  | XOM: summons friendly white imp
 38117 | Swamp:5  | Got a decaying rune of Zot
 38172 | Swamp:5  | XOM: 3-stop teleportation journey
 38179 | Swamp:5  | XOM: noise
 38185 | Swamp:5  | XOM: summons friendly white imp
 38211 | Swamp:5  | Gained mutation: You are good at translocating small distances at will. [evolution]
 38339 | Swamp:5  | XOM: god gift: 22 arrows of dispersal
 38382 | Swamp:5  | XOM: medium Ice miscast
 38492 | Swamp:5  | XOM: god gift: runed long sword {god gift}
 38629 | Swamp:4  | XOM: mild Chrm miscast
 38804 | Spider:1 | Entered Level 1 of the Spider Nest
 38950 | Spider:1 | XOM: god gift: 11 gold pieces
 39160 | Spider:1 | XOM: god gift: potion of curing
 39280 | Spider:1 | Noticed Aizul
 39293 | Spider:1 | Killed Aizul
 39505 | Spider:1 | XOM: noise
 39569 | Spider:1 | XOM: 3-stop teleportation journey
 39676 | Spider:1 | XOM: medium Erth miscast
 39722 | Spider:1 | XOM: enchant monster (good)
 40452 | Spider:2 | XOM: give mutations
 40452 | Spider:2 | Lost mutation: You are good at translocating small distances at will. [Xom's mischief]
 40452 | Spider:2 | Lost mutation: You evolve. [Xom's mischief]
 40452 | Spider:2 | Lost mutation: Your system is resistant to poisons. [Xom's mischief]
 40465 | Spider:2 | XOM: cast spell 'Dragon Form'
 40478 | Spider:2 | Reached skill level 15 in Fighting
 40853 | Lair:4   | XOM: colour smoke trail
 41055 | Lair:6   | XOM: repel stairs
 41130 | Spider:2 | XOM: mild Conj miscast
 41136 | Spider:2 | Noticed Arachne
 41136 | Spider:2 | XOM: polymorph scorpion -> brain worm
 41155 | Spider:2 | Killed Arachne
 41722 | Spider:2 | XOM: stat loss: -1 Dex (20/21)
 41730 | Spider:2 | XOM: give mutations
 41730 | Spider:2 | Lost mutation: Your spells are a little easier to cast, but a little less powerful. [Xom's mischief]
 41730 | Spider:2 | Lost mutation: Your muscles are strong. (Str +2) [Xom's mischief]
 41730 | Spider:2 | Lost mutation: You possess an exceptional clarity of mind. [Xom's mischief]
 41730 | Spider:2 | Lost mutation: Your flesh is very heat resistant. [Xom's mischief]
 42021 | Spider:2 | XOM: medium Hex miscast
 42323 | Lair:4   | XOM: severe Fire miscast
 42617 | Spider:3 | Noticed Roxanne
 42630 | Spider:3 | Killed Roxanne
 42632 | Spider:3 | Identified Roxanne's Papyrus of Mutagenic Earth (You took it off Roxanne on level 3 of the Spider Nest)
 42775 | Spider:3 | XOM: 3-stop teleportation journey
 42880 | Spider:3 | XOM: silly message
 42985 | Spider:3 | XOM: severe Ice miscast
 43277 | Spider:4 | Gained mutation: Your magical and physical power is enhanced at high health. [demonic ancestry]
 43277 | Spider:4 | Reached XP level 18. HP: 141/141 MP: 18/18
 43347 | Spider:4 | XOM: harmless Erth miscast
 43431 | Spider:4 | XOM: torment (72/141 hp)
 43443 | Spider:4 | Cast into the Abyss (Xom)
 43584 | Abyss:1  | Got an encrusted scale mail
 43618 | Abyss:1  | Identified the cursed +5 scale mail of Traacren {rF+ rC+} (You found it on level 1 of the Abyss)
 43749 | Abyss:1  | Noticed a lich
 43749 | Abyss:1  | XOM: mild Necr miscast
 43766 | Abyss:1  | Killed a lich
 43769 | Abyss:1  | XOM: polymorph sun demon -> ice devil
 43936 | Abyss:1  | Reached skill level 10 in Shields
 43938 | Abyss:1  | XOM: medium Divn miscast
 44182 | Spider:4 | Escaped the Abyss
 44307 | Spider:4 | XOM: summons 3 hostile demons
 44448 | Spider:4 | XOM: harmless Conj miscast
 44837 | Spider:5 | Entered Level 5 of the Spider Nest
 44979 | Spider:5 | XOM: divine lightning (protected)
 44980 | Spider:5 | XOM: swap monsters
 45163 | Spider:5 | XOM: polymorph orb spider -> human
 45167 | Spider:5 | XOM: cast spell 'Call Canine Familiar'
 45244 | Spider:5 | XOM: enchant monster (good)
 45252 | Spider:5 | XOM: harmless Trmt miscast
 45284 | Spider:5 | XOM: cast spell 'Dragon Form'
 45428 | Spider:5 | XOM: god gift: droning book {god gift}
 45433 | Spider:5 | Identified Xom's Volume of Power (Xom gifted it to you on level 5 of the Spider Nest)
 45456 | Spider:5 | XOM: god gift: 3 fruits
 45497 | Spider:5 | XOM: summons 11 friendly demons
 45834 | Spider:5 | XOM: silly message
 46197 | Spider:5 | XOM: potion effect (haste)
 46278 | Spider:5 | Got a gossamer rune of Zot
 46330 | Spider:5 | XOM: god gift: wand of draining {god gift}
 46593 | Lair:2   | XOM: medium Ice miscast
 46886 | Elf:1    | Entered Level 1 of the Elven Halls
 46966 | Elf:1    | XOM: vitrification
 47068 | Elf:1    | Found a deep blue altar of Sif Muna.
 47324 | Elf:2    | XOM: divination: magic mapping
 47376 | Elf:2    | Reached XP level 19. HP: 68/147 MP: 18/18
 47377 | Elf:2    | XOM: divination: magic mapping
 47913 | Elf:2    | Found Ygeen's Jewellery Shoppe.
 47930 | Elf:2    | Bought an uncursed amulet of faith for 720 gold pieces
 47930 | Elf:2    | Bought the ring of Vitality {HP+15 Regen} for 666 gold pieces
 47944 | Elf:2    | Found Mitoalir's Jewellery Shoppe.
 47949 | Elf:2    | Bought the amulet of the Shining One's Hope {Clar rElec MR++ Str+1} for 756 gold pieces
 48047 | Elf:2    | Identified a scroll of acquirement
 48179 | Elf:2    | Found Stuat's Antique Armour Shoppe.
 48183 | Elf:2    | XOM: give mutations
 48183 | Elf:2    | Gained mutation: You possess an exceptional clarity of mind. [Xom's grace]
 48183 | Elf:2    | Gained mutation: You need consume almost no food. [Xom's grace]
 48188 | Elf:2    | Bought a pair of embroidered gloves for 108 gold pieces
 48422 | D:14     | XOM: harmless Tloc miscast
 48453 | Vaults:1 | Entered Level 1 of the Vaults
 48479 | Vaults:1 | XOM: potion effect (agility)
 48483 | Vaults:1 | XOM: enchant monster (good)
 48484 | Vaults:1 | XOM: enchant monster (bad)
 48535 | Vaults:1 | XOM: enchant monster (good)
 48543 | Vaults:1 | XOM: enchant monster (bad)
 48603 | Vaults:1 | Found a flickering gateway to a bazaar.
 48617 | Bazaar   | Entered a bazaar
 48623 | Bazaar   | Found Miunuurph's Gadget Shop.
 48637 | Bazaar   | Found Danaf's Food Boutique.
 48666 | Bazaar   | Found Vagogu's Food Boutique.
 48680 | Bazaar   | Found Docealiw's Food Shop.
 48688 | Bazaar   | XOM: give mutations
 48688 | Bazaar   | Gained mutation: Your body is slowly deteriorating. [Xom's mischief]
 48688 | Bazaar   | Lost mutation: You are frail (-10% HP). [Xom's mischief]
 48694 | Bazaar   | Found Pilirama's Food Boutique.
 48708 | Bazaar   | Found Peinium's Book Shop.
 48780 | Bazaar   | XOM: mild Conj miscast
 48918 | Vaults:1 | XOM: polymorph vault sentinel -> giant orange brain
 48932 | Vaults:1 | XOM: harmless Hex miscast
 49011 | Vaults:1 | XOM: god gift: 21 gold pieces
 49081 | Vaults:1 | XOM: scenery: 2 doors open
 49142 | Vaults:1 | XOM: cast spell 'Ice Form'
 49268 | Vaults:1 | XOM: god gift: cutlass {god gift}
 49293 | Vaults:1 | XOM: summons 5 friendly demons
 49302 | Vaults:1 | Reached skill level 15 in Shields
 49410 | Vaults:1 | XOM: god gift: dagger {god gift}
 49524 | Vaults:1 | XOM: fake destruction
 49534 | Vaults:1 | XOM: summons friendly shadow imp
 49535 | Vaults:1 | XOM: noise
 49572 | Vaults:1 | XOM: summons friendly shadow imp
 49661 | Vaults:1 | XOM: enchant monster (good)
 49691 | Vaults:1 | XOM: vitrification
 50097 | Vaults:1 | XOM: vitrification
 50264 | Vaults:1 | XOM: scenery: create altars
 50319 | Vaults:2 | XOM: summons friendly shadow imp
 50370 | Vaults:2 | Reached skill level 16 in Armour
 50371 | Vaults:2 | XOM: summons friendly shadow imp
 50415 | Vaults:2 | XOM: summons friendly quasit
 50662 | Vaults:2 | XOM: colour smoke trail
 50688 | Vaults:2 | XOM: confuse monster(s)
 50691 | Vaults:2 | XOM: summons friendly quasit
 50757 | Vaults:2 | XOM: destruction
 50760 | Vaults:2 | XOM: summons 11 friendly demons
 50930 | Vaults:2 | XOM: destruction
 50941 | Vaults:2 | XOM: 3-stop teleportation journey
 50998 | Vaults:2 | XOM: cast spell 'Summon Swarm'
 51038 | Vaults:2 | XOM: swap weapons
 51070 | Vaults:2 | XOM: 1-stop teleportation journey
 51333 | Vaults:2 | XOM: give mutations
 51333 | Vaults:2 | Gained mutation: You can spit poison. [Xom's grace]
 51333 | Vaults:2 | Gained mutation: Your mind is acute. (Int +2) [Xom's grace]
 51378 | Vaults:2 | XOM: give mutations
 51378 | Vaults:2 | Gained mutation: You passively map the area around you. [Xom's grace]
 51378 | Vaults:2 | Gained mutation: Your flesh is very heat resistant. [Xom's grace]
 51419 | Vaults:2 | XOM: enchant monster (good)
 51425 | Vaults:2 | XOM: summons friendly white imp
 51576 | Vaults:3 | XOM: noise
 51579 | Vaults:3 | XOM: summons 12 friendly demons
 51586 | Vaults:3 | Reached skill level 17 in Armour
 51600 | Vaults:3 | Gained mutation: You radiate miasma. [demonic ancestry]
 51600 | Vaults:3 | Reached XP level 20. HP: 170/170 MP: 19/19
 51692 | Vaults:3 | XOM: polymorph sixfirhy -> orange demon
 51709 | Vaults:3 | XOM: polymorph death knight -> lindwurm
 51719 | Vaults:3 | Found a staircase to the Crypt.
 51781 | Vaults:3 | XOM: polymorph yaktaur captain -> brain worm
 51787 | Vaults:3 | XOM: noise
 51800 | Vaults:3 | XOM: confuse monster(s)
 51844 | Vaults:3 | XOM: give mutations
 51844 | Vaults:3 | Lost mutation: You are covered in thick fur (AC +2). [Xom's mischief]
 51844 | Vaults:3 | Lost mutation: You need consume almost no food. [Xom's mischief]
 51945 | Vaults:3 | XOM: 2-stop teleportation journey
 52154 | Vaults:3 | XOM: silly message
 52223 | Vaults:3 | XOM: potion effect (invisibility)
 52312 | Vaults:3 | XOM: potion effect (invisibility)
 52484 | Vaults:3 | XOM: mild Erth miscast
 52488 | Vaults:3 | XOM: cast spell 'Blink'
 52490 | Vaults:3 | XOM: silly message
 52516 | Vaults:3 | XOM: potion effect (agility)
 52530 | Vaults:3 | XOM: potion effect (invisibility)
 52558 | Vaults:3 | XOM: silly message
 52569 | Vaults:3 | XOM: potion effect (agility)
 52690 | Vaults:3 | XOM: harmless Conj miscast
 52714 | Vaults:3 | XOM: harmless Ice miscast
 52717 | Vaults:3 | Reached skill level 18 in Armour
 52729 | Vaults:3 | XOM: harmless Ice miscast
 52792 | Vaults:3 | XOM: harmless Trmt miscast
 52852 | Vaults:3 | XOM: potion effect (haste)
 52898 | Vaults:3 | XOM: potion effect (experience)
 52898 | Vaults:3 | Reached XP level 21. HP: 176/176 MP: 20/20
 53048 | Vaults:4 | Got a polished cloak
 53049 | Vaults:4 | Identified the +3 cloak of Yrchit {MR+ Acc+4} (You found it on level 4 of the Vaults)
 53102 | Vaults:4 | Found a magical portal.
 53142 | WizLab   | Entered Iskenderun's Mystic Tower
 53189 | WizLab   | XOM: confuse monster(s)
 53530 | WizLab   | Reached skill level 19 in Armour
 53717 | WizLab   | Identified Iskenderun's Collected Works on Floating Conjuration (You found it in a wizard's laboratory)
 53717 | WizLab   | Identified Iskenderun's Volume of Blistering Confrontation (You found it in a wizard's laboratory)
 53780 | WizLab   | XOM: 1-stop teleportation journey
 54285 | WizLab   | XOM: vitrification
 54295 | WizLab   | XOM: give mutation
 54295 | WizLab   | Gained mutation: You are resistant to hostile enchantments. [Xom's grace]
 54383 | Vaults:4 | XOM: 2-stop teleportation journey
 54404 | Vaults:4 | XOM: summons 9 friendly demons
 54544 | Vaults:4 | XOM: summons friendly iron imp
 54699 | Vaults:4 | XOM: confuse monster(s)
 55166 | Vaults:4 | XOM: harmless Divn miscast
 55264 | Vaults:4 | Reached skill level 20 in Armour
 55501 | Vaults:4 | XOM: cast spell 'Metabolic Englaciation'
 55596 | Vaults:5 | Entered Level 5 of the Vaults
 55601 | Vaults:5 | Gained mutation: Your magical and physical power is greatly enhanced at high health. [demonic ancestry]
 55601 | Vaults:5 | Reached XP level 22. HP: 170/183 MP: 20/20
 55604 | Vaults:5 | XOM: divination: magic mapping
 55613 | Vaults:5 | XOM: potion effect (might)
 55950 | Depths:1 | Entered Level 1 of the Depths
 55970 | Depths:1 | XOM: cast spell 'Blink'
 55978 | Depths:1 | Found a gateway to Hell.
 56011 | Depths:1 | Reached skill level 21 in Armour
 56035 | Depths:1 | XOM: cast spell 'Ring of Flames'
 56061 | Depths:1 | XOM: enchant monster (good)
 56141 | Depths:1 | XOM: enchant monster (bad)
 56231 | Depths:1 | XOM: harmless Summ miscast
 56334 | Depths:1 | XOM: repel stairs
 56441 | Depths:1 | XOM: 2-stop teleportation journey
 56476 | Depths:1 | Found a one-way gate to the infinite horrors of the Abyss.
 56890 | Depths:2 | XOM: enchant monster (bad)
 56894 | Depths:2 | XOM: harmless Trmt miscast
 56923 | Depths:2 | XOM: blink monster(s)
 57137 | Depths:2 | XOM: summons 1 hostile demon
 57271 | Depths:2 | XOM: harmless Trmt miscast
 57409 | Depths:2 | XOM: enchant monster (bad)
 57522 | Depths:2 | XOM: mild Divn miscast
 57528 | Depths:2 | XOM: enchant monster (bad)
 57555 | Depths:2 | XOM: 2-stop teleportation journey
 57763 | Depths:2 | XOM: vitrification
 57796 | Depths:2 | XOM: summons 10 friendly demons
 57808 | Depths:2 | XOM: god gift: 20 stones
 57850 | Depths:2 | XOM: summons 5 hostile demons
 57886 | Depths:2 | XOM: stat loss: -1 Int (9/16)
 57887 | Depths:2 | XOM: summons 11 hostile demons
 58141 | Depths:2 | XOM: colour smoke trail
 58409 | Depths:3 | XOM: blink monster(s)
 58423 | Depths:2 | XOM: colour smoke trail
 58507 | Depths:3 | XOM: 1-stop teleportation journey
 58519 | Depths:3 | Reached XP level 23. HP: 164/190 MP: 21/21
 58660 | Depths:3 | XOM: 2-stop teleportation journey
 58667 | Depths:3 | XOM: enchant monster (bad)
 58703 | Depths:3 | Found a one-way gate leading to the halls of Pandemonium.
 58811 | Depths:3 | XOM: swap monsters
 58865 | Depths:3 | XOM: 9-stop teleportation journey
 58962 | Depths:3 | XOM: confuse monster(s)
 58970 | Depths:3 | XOM: summons friendly white imp
 58978 | Depths:3 | XOM: enchant monster (bad)
 58987 | Depths:3 | XOM: summons 3 hostile shadow creatures
 59030 | Depths:3 | XOM: mild Erth miscast
 59075 | Depths:2 | XOM: give mutations
 59075 | Depths:2 | Lost mutation: You are resistant to hostile enchantments. [Xom's mischief]
 59075 | Depths:2 | Lost mutation: You have a slow metabolism. [Xom's mischief]
 59075 | Depths:2 | Lost mutation: You can spit poison. [Xom's mischief]
 59122 | Depths:2 | XOM: mild Necr miscast
 59225 | Depths:3 | XOM: give mutations
 59225 | Depths:3 | Lost mutation: Your body is slowly deteriorating. [Xom's mischief]
 59225 | Depths:3 | Gained mutation: You are weak. (Str -2) [Xom's mischief]
 59237 | Depths:3 | XOM: noise
 59249 | Depths:3 | XOM: summons friendly ufetubus
 59253 | Depths:3 | XOM: harmless Fire miscast
 59308 | Depths:3 | XOM: mild Chrm miscast
 59314 | Depths:3 | XOM: mild Chrm miscast
 59319 | Depths:3 | XOM: cast spell 'Confusing Touch'
 59329 | Depths:3 | XOM: swap weapons
 59335 | Depths:3 | XOM: enchant monster (bad)
 59341 | Depths:3 | XOM: potion effect (brilliance)
 59347 | Depths:3 | XOM: god gift: scroll of torment
 59348 | Depths:3 | XOM: 4-stop teleportation journey
 59431 | Depths:3 | XOM: potion effect (haste)
 59560 | Depths:3 | XOM: polymorph tentacled monstrosity -> tentacled monstrosity
 59630 | Depths:3 | XOM: summons 3 hostile shadow creatures
 59740 | Depths:3 | XOM: severe Erth miscast
 59798 | Depths:3 | XOM: mild Conj miscast
 59901 | D:15     | XOM: god gift: glowing scale mail {god gift}
 59971 | D:12     | XOM: harmless Necr miscast
 60048 | D:12     | XOM: medium Fire miscast
 60154 | D:14     | XOM: colour smoke trail
 60343 | Depths:4 | XOM: noise
 60416 | Depths:4 | Found a shattered altar of Ashenzari.
 60417 | Depths:4 | Found a radiant altar of Vehumet.
 60417 | Depths:4 | Found a glowing silver altar of Zin.
 60418 | Depths:4 | Found a gateway to a ziggurat.
 60423 | Depths:4 | XOM: repel stairs
 60545 | Depths:4 | XOM: potion effect (agility)
 60674 | Depths:4 | XOM: blink monster(s)
 60679 | Depths:4 | XOM: enchant monster (bad)
 60799 | Depths:4 | XOM: harmless Divn miscast
 60815 | Depths:4 | XOM: silly message
 60860 | Depths:4 | XOM: summons friendly crimson imp
 60960 | Depths:4 | XOM: harmless Divn miscast
 61064 | Depths:4 | XOM: blink monster(s)
 61065 | Depths:4 | XOM: chaos upgrade
 61102 | Depths:4 | XOM: harmless Tloc miscast
 61238 | Depths:4 | XOM: god gift: scroll of noise
 61271 | Depths:4 | Reached XP level 24. HP: 200/200 MP: 21/21
 61396 | Depths:4 | XOM: harmless Conj miscast
 61400 | Depths:4 | XOM: give mutation
 61400 | Depths:4 | Lost mutation: Your flesh is very heat resistant. [Xom's mischief]
 61513 | Depths:4 | XOM: blink monster(s)
 61587 | Depths:4 | XOM: mild Ice miscast
 61691 | Depths:4 | XOM: summons 12 hostile demons
 61820 | Depths:4 | XOM: enchant monster (bad)
 61826 | Depths:4 | XOM: mild Erth miscast
 61859 | Depths:4 | XOM: harmless Ice miscast
 61948 | Depths:5 | Entered Level 5 of the Depths
 62033 | Depths:5 | XOM: harmless Fire miscast
 62161 | Depths:5 | XOM: colour smoke trail
 62182 | Depths:5 | XOM: enchant monster (good)
 62242 | Depths:5 | XOM: summons 4 friendly demons
 62310 | Depths:5 | Found a shimmering altar of Xom.
 62338 | Depths:5 | XOM: summons friendly ufetubus
 62428 | Depths:5 | XOM: enchant monster (good)
 62449 | Depths:5 | XOM: summons friendly crimson imp
 62526 | Depths:5 | XOM: 3-stop teleportation journey
 62534 | Depths:5 | XOM: swap weapons
 62541 | Depths:5 | XOM: enchant monster (bad)
 62548 | Depths:5 | XOM: divine lightning (protected)
 62549 | Depths:5 | XOM: potion effect (agility)
 62562 | Depths:5 | XOM: 1-stop teleportation journey
 62563 | Depths:5 | XOM: harmless Tloc miscast
 62566 | Depths:5 | XOM: polymorph deep troll -> redback
 62679 | Depths:5 | XOM: harmless Necr miscast
 62683 | Depths:5 | XOM: 1-stop teleportation journey
 62838 | Depths:5 | XOM: god gift: papyrus book {god gift}
 63113 | Depths:5 | XOM: harmless Trmt miscast
 63151 | Depths:5 | XOM: give mutations
 63151 | Depths:5 | Lost mutation: You can translocate small distances at will. [Xom's mischief]
 63151 | Depths:5 | Lost mutation: You passively map the area around you. [Xom's mischief]
 63151 | Depths:5 | Lost mutation: You are agile. (Dex +2) [Xom's mischief]
 63151 | Depths:5 | Lost mutation: Your mind is acute. (Int +2) [Xom's mischief]
 63195 | Depths:5 | XOM: medium Chrm miscast
 63205 | Depths:5 | XOM: summons 12 hostile demons
 63253 | Depths:5 | Found a gate to the Realm of Zot.
 63302 | Depths:5 | XOM: noise
 63819 | Vaults:4 | XOM: give mutations
 63819 | Vaults:4 | Gained mutation: Armour fits poorly on your strangely shaped body. [Xom's mischief]
 63819 | Vaults:4 | Lost mutation: You possess an exceptional clarity of mind. [Xom's mischief]
 63913 | Vaults:5 | XOM: repel stairs
 63926 | Vaults:4 | XOM: medium Tloc miscast
 64002 | Vaults:4 | XOM: chaos upgrade
 64009 | Vaults:4 | XOM: harmless Conj miscast
 64117 | Vaults:4 | XOM: give mutations
 64117 | Vaults:4 | Gained mutation: You are clumsy. (Dex -2) [Xom's mischief]
 64117 | Vaults:4 | Lost mutation: You are clumsy. (Dex -2) [Xom's mischief]
 64117 | Vaults:4 | Lost mutation: Armour fits poorly on your strangely shaped body. [Xom's mischief]
 64136 | Vaults:4 | XOM: harmless Tloc miscast
 64139 | Vaults:4 | XOM: give mutation
 64139 | Vaults:4 | Lost mutation: You are resistant to electric shocks. [Xom's mischief]
 64334 | Vaults:5 | XOM: silly message
 64348 | Vaults:5 | XOM: silly message
 64362 | Vaults:5 | Got a silver rune of Zot
 64367 | Vaults:5 | XOM: harmless Erth miscast
 64385 | Vaults:5 | XOM: divination: detect items
 64404 | Vaults:5 | Identified the Reference Book on Harmful Feathers (You found it on level 5 of the Vaults)
 64426 | Vaults:5 | XOM: divination: magic mapping
 64551 | Vaults:5 | XOM: mild Pois miscast
 64566 | Vaults:5 | Got a pair of transparent gloves
 64594 | Vaults:5 | Identified the cursed -2 pair of gloves of Dyhec {+Blink +Fly rF+ rN+ SInv} (You found it on level 5 of the Vaults)
 64625 | Vaults:5 | Identified Iskenderun's Guide on Combat Magic and Fire (You found it on level 5 of the Vaults)
 64832 | Vaults:5 | Found Qejerr's Food Boutique.
 64837 | Vaults:5 | XOM: potion effect (curing)
 64839 | Vaults:5 | XOM: confuse monster(s)
 64863 | Vaults:5 | Found Thiroad's Food Emporium.
 64863 | Vaults:5 | Found Zaiqiasi's Food Shop.
 64889 | Vaults:5 | XOM: colour smoke trail
 65014 | Vaults:5 | Found Frisan's Food Shoppe.
 65017 | Vaults:5 | Found Skounup's Magic Scroll Shop.
 65029 | Vaults:5 | Bought a scroll of fear for 63 gold pieces
 65029 | Vaults:5 | Bought a scroll of magic mapping for 63 gold pieces
 65029 | Vaults:5 | Bought a scroll of blinking for 135 gold pieces
 65029 | Vaults:5 | Bought a scroll of identify for 36 gold pieces
 65029 | Vaults:5 | Bought a scroll of remove curse for 54 gold pieces
 65029 | Vaults:5 | Bought a scroll of immolation for 63 gold pieces
 65041 | Vaults:5 | Found Afumout's Magic Scroll Boutique.
 65055 | Vaults:5 | Bought a scroll of fog for 30 gold pieces
 65055 | Vaults:5 | Bought a scroll of identify for 30 gold pieces
 65055 | Vaults:5 | Bought a scroll of vulnerability for 112 gold pieces
 65055 | Vaults:5 | Bought a scroll of identify for 30 gold pieces
 65055 | Vaults:5 | Bought a scroll of blinking for 112 gold pieces
 65055 | Vaults:5 | Bought a scroll of identify for 30 gold pieces
 65055 | Vaults:5 | Bought a scroll of identify for 30 gold pieces
 65055 | Vaults:5 | Bought a scroll of vulnerability for 112 gold pieces
 65055 | Vaults:5 | Bought a scroll of identify for 30 gold pieces
 65055 | Vaults:5 | Bought a scroll of identify for 30 gold pieces
 65148 | Vaults:5 | XOM: swap monsters
 65176 | Vaults:5 | XOM: potion effect (berserk rage)
 65198 | Vaults:5 | XOM: enchant monster (good)
 65354 | Vaults:5 | Noticed an ancient lich
 65363 | Vaults:5 | XOM: harmless Pois miscast
 65375 | Vaults:4 | Reached XP level 25. HP: 199/220 MP: 22/22
 65404 | Vaults:5 | XOM: divination: detect creatures
 65427 | Vaults:5 | XOM: potion effect (might)
 65432 | Vaults:5 | Killed an ancient lich
 65450 | Vaults:5 | XOM: harmless Chrm miscast
 65462 | Vaults:5 | XOM: noise
 65475 | Vaults:5 | XOM: cast spell 'Dispersal'
 65637 | Vaults:4 | XOM: harmless Conj miscast
 65798 | Vaults:5 | XOM: summons friendly crimson imp
 65801 | Vaults:5 | XOM: summons 1 hostile demon
 65808 | Vaults:5 | XOM: polymorph quasit -> crimson imp
 65813 | Vaults:5 | Identified Sif Muna's Almanac of Cloudy Confrontation (You found it on level 5 of the Vaults)
 65817 | Vaults:5 | Got an ancient scale mail
 65818 | Vaults:5 | Identified the +1 scale mail "Phou" {Dex+4 Int-5} (You found it on level 5 of the Vaults)
 66041 | Vaults:5 | XOM: medium Tloc miscast
 66156 | Vaults:5 | XOM: harmless Pois miscast
 66158 | Vaults:5 | XOM: noise
 66178 | Vaults:5 | Found Osuz's Magic Scroll Boutique.
 66182 | Vaults:5 | Bought a scroll of teleportation for 36 gold pieces
 66182 | Vaults:5 | Bought a scroll of teleportation for 36 gold pieces
 66182 | Vaults:5 | Bought a scroll of fog for 24 gold pieces
 66182 | Vaults:5 | Bought a scroll of teleportation for 36 gold pieces
 66182 | Vaults:5 | Bought a scroll of teleportation for 36 gold pieces
 66182 | Vaults:5 | Bought a scroll of magic mapping for 42 gold pieces
 66182 | Vaults:5 | Bought a scroll of identify for 24 gold pieces
 66182 | Vaults:5 | Bought a scroll of identify for 24 gold pieces
 66182 | Vaults:5 | Bought 3 scrolls of vulnerability for 270 gold pieces
 66182 | Vaults:5 | Bought a scroll of identify for 24 gold pieces
 66187 | Vaults:5 | Found Ofehuh's Magic Scroll Shoppe.
 66191 | Vaults:5 | Bought a scroll of fog for 36 gold pieces
 66191 | Vaults:5 | Bought a scroll of identify for 36 gold pieces
 66191 | Vaults:5 | Bought a scroll of remove curse for 54 gold pieces
 66191 | Vaults:5 | Bought a scroll of identify for 36 gold pieces
 66191 | Vaults:5 | Bought a scroll of remove curse for 54 gold pieces
 66250 | Vaults:5 | XOM: mild Ice miscast
 66332 | Vaults:5 | XOM: stat loss: -1 Dex (22/23)
 66533 | Vaults:3 | XOM: medium Chrm miscast
 66697 | Orc:3    | XOM: vitrification
 66781 | Elf:3    | Entered Level 3 of the Elven Halls
 66784 | Elf:3    | Got a warped cloak
 66785 | Elf:3    | Identified the cursed -3 cloak of Chill Winds {rF++ Int+3 Curse} (You found it on level 3 of the Elven Halls)
 66786 | Elf:3    | XOM: silly message
 66914 | Elf:3    | XOM: colour smoke trail
 67212 | Elf:3    | XOM: mild Summ miscast
 67230 | Elf:3    | XOM: mild Hex miscast
 67363 | Elf:3    | XOM: harmless Chrm miscast
 67389 | Elf:3    | XOM: 3-stop teleportation journey
 67415 | Elf:3    | Noticed Norris
 67416 | Elf:3    | XOM: divination: detect creatures
 67422 | Elf:3    | XOM: harmless Divn miscast
 67424 | Elf:3    | Killed Norris
 67454 | Elf:3    | Got a smelly scale mail
 67455 | Elf:3    | Identified the cursed +0 scale mail "Beimpadd" {+Fly rC+ rN+} (You found it on level 3 of the Elven Halls)
 67471 | Elf:3    | Got a faintly glowing copper amulet
 67472 | Elf:3    | Identified the amulet of the Many Dances {Spirit SInv} (You took it off a deep elf fighter on level 3 of the Elven Halls)
 67640 | Elf:3    | Identified The Lost Secrets of Spellweaving (You found it on level 3 of the Elven Halls)
 67689 | Elf:3    | XOM: summons 4 friendly demons
 67703 | Elf:3    | XOM: summons friendly crimson imp
 67714 | Elf:3    | XOM: cast spell 'Monstrous Menagerie'
 67715 | Elf:3    | XOM: summons friendly white imp
 67726 | Elf:3    | XOM: swap monsters
 67733 | Elf:3    | XOM: polymorph deep elf master archer -> storm dragon
 67735 | Elf:3    | Reached skill level 22 in Fighting
 67742 | Elf:3    | XOM: polymorph storm dragon -> minotaur
 67824 | Elf:3    | XOM: confuse monster(s)
 67993 | Elf:3    | XOM: 2-stop teleportation journey
 68114 | Elf:3    | Found Laloj's Antique Weapon Shop.
 68201 | Elf:3    | Noticed Louise
 68211 | Elf:3    | Killed Louise
 68330 | Elf:3    | XOM: god gift: gnarled runed rod {god gift}
 68332 | Elf:3    | Identified a +8 rod of the swarm (9/9) (Xom gifted it to you on level 3 of the Elven Halls)
 68498 | Orc:4    | XOM: give mutations
 68498 | Orc:4    | Gained mutation: You are resistant to hostile enchantments. [Xom's grace]
 68498 | Orc:4    | Gained mutation: You are agile. (Dex +2) [Xom's grace]
 68577 | D:14     | XOM: give mutations
 68577 | D:14     | Gained mutation: Your spells are a little easier to cast, but a little less powerful. [Xom's grace]
 68577 | D:14     | Gained mutation: Your flesh is cold resistant. [Xom's grace]
 68577 | D:14     | Gained mutation: You can spit poison. [Xom's grace]
 68577 | D:14     | Gained mutation: You are very agile. (Dex +4) [Xom's grace]
 68632 | D:13     | XOM: give mutations
 68632 | D:13     | Gained mutation: Your flesh is very heat resistant. [Xom's grace]
 68632 | D:13     | Lost mutation: You are weak. (Str -2) [Xom's grace]
 68632 | D:13     | Gained mutation: You are robust (+10% HP). [Xom's grace]
 68632 | D:13     | Gained mutation: Your spells are easier to cast, but less powerful. [Xom's grace]
 68895 | Lair:2   | XOM: god gift: centaur barding {god gift}
 69033 | Swamp:2  | XOM: give mutations
 69033 | Swamp:2  | Lost mutation: You passively map a small area around you. [Xom's mischief]
 69033 | Swamp:2  | Lost mutation: You are covered in fur (AC +1). [Xom's mischief]
 69308 | Lair:2   | XOM: give mutations
 69308 | Lair:2   | Lost mutation: Your flesh is cold resistant. [Xom's mischief]
 69308 | Lair:2   | Gained mutation: Your spells are much easier to cast, but much less powerful. [Xom's mischief]
 69775 | Depths:5 | XOM: severe Fire miscast
 69806 | Zot:1    | Entered Level 1 of the Realm of Zot
 69822 | Zot:1    | XOM: summons 12 hostile demons
 69826 | Zot:1    | XOM: blink monster(s)
 69904 | Zot:1    | XOM: mild Tloc miscast
 69907 | Zot:1    | XOM: draining
 69911 | Zot:1    | XOM: silly message
 69934 | Zot:1    | XOM: give mutations
 69934 | Zot:1    | Lost mutation: You can spit poison. [Xom's mischief]
 69934 | Zot:1    | Gained mutation: You are weak. (Str -2) [Xom's mischief]
 69934 | Zot:1    | Lost mutation: You are robust (+10% HP). [Xom's mischief]
 69951 | Zot:1    | XOM: polymorph pale draconian scorcher -> iron troll
 69970 | Zot:1    | XOM: confusion (+ monsters)
 70289 | Zot:1    | XOM: divination: magic mapping
 70321 | Zot:1    | XOM: divination: detect items
 70577 | Zot:1    | Gained mutation: A powerful demonic guardian rushes to your aid. [demonic ancestry]
 70577 | Zot:1    | Reached XP level 26. HP: 235/235 MP: 22/22
 70800 | Zot:2    | XOM: noise
 70840 | Zot:2    | XOM: silly message
 71049 | Zot:2    | XOM: noise
 71053 | Zot:2    | XOM: enchant monster (good)
 71258 | Zot:2    | XOM: silly message
 71286 | Zot:2    | Reached skill level 23 in Armour
 71347 | Zot:2    | XOM: confuse monster(s)
 71351 | Zot:2    | XOM: confuse monster(s)
 71439 | Zot:2    | XOM: divination: detect items
 71534 | Zot:2    | XOM: colour smoke trail
 71540 | Zot:2    | XOM: cast spell 'Summon Butterflies'
 71548 | Zot:2    | XOM: summons friendly iron imp
 71637 | Zot:2    | XOM: mild Pois miscast
 71788 | Zot:2    | XOM: summons friendly white imp
 71998 | Zot:3    | Noticed an ancient lich
 72018 | Zot:2    | XOM: noise
 72021 | Zot:2    | XOM: harmless Necr miscast
 72032 | Zot:3    | Noticed an ancient lich
 72200 | Zot:2    | XOM: cast spell 'Shadow Creatures'
 72212 | Zot:2    | XOM: silly message
 72214 | Zot:2    | XOM: mild Chrm miscast
 72220 | Zot:2    | XOM: polymorph frost giant -> sphinx
 72222 | Zot:2    | XOM: blink monster(s)
 72342 | Zot:2    | Killed an ancient lich
 72356 | Zot:2    | Killed an ancient lich
 72360 | Zot:3    | Noticed an orb of fire
 72364 | Zot:3    | XOM: enchant monster (good)
 72374 | Zot:3    | XOM: harmless Fire miscast
 72378 | Zot:3    | Lost mutation: You are weak. (Str -2) [an orb of fire]
 72384 | Zot:3    | XOM: 2-stop teleportation journey
 72397 | Zot:3    | XOM: medium Divn miscast
 72401 | Zot:3    | Reached skill level 24 in Armour
 72449 | Zot:3    | XOM: noise
 72454 | Zot:3    | Killed an orb of fire
 72481 | Zot:3    | XOM: confuse monster(s)
 72835 | Zot:3    | XOM: harmless Chrm miscast
 72912 | Zot:3    | XOM: divination: detect creatures
 73206 | Zot:3    | XOM: cast spell 'Flight'
 73222 | Zot:3    | XOM: cast spell 'Statue Form'
 73349 | Zot:3    | XOM: scenery: create altars
 73408 | Zot:4    | XOM: mild Pois miscast
 73411 | Zot:4    | XOM: summons friendly shadow imp
 73415 | Zot:4    | XOM: draining
 73424 | Zot:4    | XOM: enchant monster (bad)
 73428 | Zot:4    | Gained mutation: You are completely covered in rugged brown scales (AC +3, +7% HP). [demonic ancestry]
 73428 | Zot:4    | Reached XP level 27. HP: 176/247 MP: 23/23
 73433 | Zot:4    | XOM: swap weapons
 73439 | Zot:4    | XOM: harmless Summ miscast
 73446 | Zot:4    | XOM: summons 2 friendly demons
 73452 | Zot:4    | XOM: destruction
 73453 | Zot:4    | XOM: cast spell 'Spider Form'
 73531 | Zot:4    | XOM: cast spell 'Stoneskin'
 73539 | Zot:4    | Reached skill level 25 in Armour
 73540 | Zot:4    | XOM: summons 15 friendly demons
 73572 | Zot:4    | XOM: give mutations
 73572 | Zot:4    | Lost mutation: You are very agile. (Dex +4) [Xom's mischief]
 73572 | Zot:4    | Lost mutation: You are resistant to hostile enchantments. [Xom's mischief]
 73764 | Zot:4    | XOM: medium Fire miscast
 73794 | Zot:4    | XOM: harmless Necr miscast
 73911 | Zot:4    | XOM: medium Pois miscast
 73946 | Zot:4    | XOM: chaos upgrade
 73966 | Zot:4    | XOM: blink monster(s)
 73971 | Zot:4    | XOM: enchant monster (bad)
 74183 | Zot:4    | XOM: confusion (+ monsters)
 74267 | Zot:4    | XOM: harmless Summ miscast
 74272 | Zot:4    | XOM: swap weapons
 74285 | Zot:4    | XOM: summons 13 hostile demons
 74315 | Zot:3    | HP: 9/262 [electric golem (7)]
 74315 | Zot:3    | Mangled by an electric golem

Action                   |  1- 3 |  4- 6 |  7- 9 | 10-12 | 13-15 | 16-18 | 19-21 | 22-24 | 25-27 || total
-------------------------+-------+-------+-------+-------+-------+-------+-------+-------+-------++-------
Melee: Falchion          |   103 |   149 |   515 |       |       |       |       |       |       ||   767
       Long sword        |       |       |    33 |  1105 |       |       |       |    65 |       ||  1203
       Demon blade       |       |       |       |   156 |  1501 |  1484 |  1166 |  1507 |  1162 ||  6976
       Scimitar          |       |       |       |       |    21 |       |       |       |       ||    21
       Spear             |       |       |       |       |     1 |       |       |    18 |       ||    19
       Unarmed           |       |       |       |       |       |    18 |       |       |       ||    18
       War axe           |       |       |       |       |       |       |     5 |    18 |       ||    23
       Flail             |       |       |       |       |       |       |       |       |     2 ||     2
 Fire: Blowgun           |       |       |       |     1 |       |       |       |       |       ||     1
Throw: Javelin           |       |       |     5 |       |     1 |       |       |       |       ||     6
 Abil: Blink             |       |       |       |       |     1 |       |       |       |       ||     1
       Breathe Fire      |       |       |       |       |       |     2 |       |       |       ||     2
Evoke: Wand              |       |       |       |    14 |    10 |     7 |     1 |     4 |     1 ||    37
  Use: Scroll            |       |    12 |     8 |    12 |     9 |    11 |     8 |     9 |    18 ||    87
       Potion            |       |     4 |     2 |     1 |     3 |     1 |     3 |     6 |    10 ||    30
 Stab: Confused          |     1 |       |     4 |     1 |     4 |     4 |    12 |     4 |     9 ||    39
       Paralysed         |     5 |     1 |     6 |       |     1 |       |     1 |     1 |       ||    15
       Petrifying        |       |       |     5 |       |       |     1 |       |     1 |       ||     7
       Petrified         |       |       |     1 |       |       |       |       |     2 |       ||     3
       Distracted        |       |       |     1 |     5 |     3 |     3 |     9 |     5 |     7 ||    33
       Sleeping          |       |       |       |     3 |     8 |     5 |     3 |     3 |     1 ||    23
       Invisible         |       |       |       |       |       |     4 |    15 |       |       ||    19
